 Dungeon Crawl Stone Soup version 0.26-a0-663-g36e8fdb655 (webtiles) character file.

Game seed: 8846766976026137860

100 timneilson the Covered (level 4, -1/29 HPs)
             Began as a Gargoyle Fighter on Oct 11, 2020.
             Slain by a gnoll
             ... wielding a +0 spear
              (2 damage)
             ... on level 2 of the Dungeon.
             The game lasted 00:01:57 (1060 turns).

timneilson the Covered (Gargoyle Fighter)           Turns: 1060, Time: 00:01:57

Health: -1/29      AC: 10    Str: 20    XL:     4   Next: 74%
Magic:  4/4        EV:  7    Int:  9    God:
Gold:   9          SH:  9    Dex:  9    Spells: 3/3 levels left

rFire    . . .     SeeInvis .   a - +0 long sword
rCold    . . .     Faith    .   c - +0 kite shield
rNeg     + . .     Spirit   .   b - +0 scale mail
rPois    ∞         Reflect  .   (no helmet)
rElec    +         Harm     .   (no cloak)
rCorr    .         Rampage  .   (no gloves)
MR       .....                  (no boots)
Stlth    ..........             (no amulet)
HPRegen  0.09/turn              (no ring)
MPRegen  0.09/turn              (no ring)

@: mighty
A: negative energy resistance 1, electricity resistance, unbreathing,
petrification resistance, rot immunity, AC +3
a: no special abilities


You were on level 2 of the Dungeon.
You visited 1 branch of the dungeon, and saw 2 of its levels.

You collected 9 gold pieces.

Inventory:

Hand Weapons
 a - a +0 long sword (weapon)
Armour
 b - a +0 scale mail (worn)
 c - a +0 kite shield (worn)
 i - a +0 chain mail
Jewellery
 j - an uncursed ring of protection from fire {unknown}
Scrolls
 e - a scroll of identify
 h - 2 scrolls of amnesia
Potions
 f - a potion of lignification
 g - 2 potions of berserk rage {unknown}


   Skills:
 + Level 3.6 Fighting
 * Level 2.6 Long Blades
 * Level 4.2 Armour
 * Level 4.2 Shields


You had 3 spell levels left.
You didn't know any spells.
Your spell library was empty.

Dungeon Overview and Level Annotations

Branches:
Dungeon (2/15)

Altars:


Innate Abilities, Weirdness & Mutations

You are resistant to torment.
Your stone body is resilient. (AC +3)
You are immune to poison.
You resist negative energy. (rN+)
You are resistant to electric shocks. (rElec)
You can survive without breathing.
You are immune to petrification.
You are immune to rotting.


Message History

You closely miss the gnoll. You slash the gnoll!
The gnoll is severely wounded.
You block the gnoll's attack. The gnoll barely misses you.
You slash the gnoll!
You kill the gnoll!
The gnoll hits you but does no damage. You block the kobold's attack.
The gnoll hits you but does no damage.
You miss the kobold. The kobold hits you but does no damage.
The gnoll hits you but does no damage.
You barely miss the kobold.
The kobold hits you with a +0 short sword.
* * * LOW HITPOINT WARNING * * *
The gnoll hits you from afar with a +0 spear.
* * * LOW HITPOINT WARNING * * *
You block the kobold's attack.
You slash the kobold!
You kill the kobold!
The gnoll hits you from afar with a +0 spear.
You die...

#...........########
#...........'......#
#...........######.#
#...........# #.#
#...........## #.#
#............#####.#
#...(g.......#.....#
#...##<#####.#.########
#g..##@# .#.# #....
.bg..##.# .#.# #.###
..#######)# #.# #.# ...
......!.....l.#.# #.#
.. .##############.#
#.# K #.####.# #......#
######## #..)...###


You could see a gnoll.

Vanquished Creatures
  A hound skeleton (D:2)
  3 gnolls (D:2)
  2 adders (D:2)
  An adder skeleton (D:2)
  2 dart slugs (D:1)
  A leopard gecko (D:1)
  6 bats
  2 giant cockroaches
  3 goblins (D:1)
  A hobgoblin (D:2)
  7 kobolds
  4 frilled lizards
  4 rats (D:1)
37 creatures vanquished.

Notes
Turn   | Place    | Note
-------+----------+-------------------------------------------
     0 | D:1      | timneilson the Gargoyle Fighter began the quest for the
                  | Orb.
     0 | D:1      | Reached XP level 1. HP: 14/14 MP: 1/1
    72 | D:1      | Reached XP level 2. HP: 19/19 MP: 2/2
   376 | D:1      | Reached XP level 3. HP: 20/23 MP: 3/3
  1014 | D:2      | Reached XP level 4. HP: 28/28 MP: 4/4
  1059 | D:2      | HP: 1/29 [gnoll/+0 spear (3)]
  1060 | D:2      | Slain by a gnoll

Illustrated notes

Levels and vault maps discovered:
D:1:      sevenhm_arrival_forest_fort_large_4, layout_loops_ring
D:2:      layout_basic, doesnt_xom_only_xom, wad_floor_pattern_1,
          minmay_nonomino_d4

Skill      XL: |  1  2  3 |
---------------+----------+-----
Long Blades    | 2 |  2.6
Armour         | 4 |  4.2
Shields        | 4 |  4.2
Fighting       | |  3.6

Action                   |  1- 3 |  4- 6 || total
-------------------------+-------+-------++-------
Melee: Long sword        |   104 |    22 ||   126
  Use: Scroll            |     3 |       ||     3
       Potion            |       |     1 ||     1
 Stab: Distracted        |     1 |       ||     1
Armor: Scale mail        |    75 |    19 ||    94
Dodge: Dodged            |    36 |    16 ||    52
Block: Kite shield       |    67 |    20 ||    87
       Rpst.: Long sword |     8 |     5 ||    13

Table legend: (Time is in decaauts)
 A = Elapsed time spent in this place.
 B = Non-inter-level travel time spent in this place.
 C = Inter-level travel time spent in this place.
 D = Time resting spent in this place.
 E = Time spent auto-exploring this place.
 F = Levels seen in this place.
 G = Mean time per level.
                   A        B        C        D        E       F      G
               +--------+--------+--------+--------+--------+-----+--------+
         Total |   1105 |   1099 |      6 |      0 |    819 |   2 |  552.5 |
       Dungeon |   1105 |   1099 |      6 |      0 |    819 |   2 |  552.5 |
               +--------+--------+--------+--------+--------+-----+--------+

Top non-repeatable levels by time:
     D:1: 907 daAuts
     D:2: 198 daAuts
